 Dungeon Crawl Stone Soup version 0.31-a0-246-g8cbcc1cb85 (webtiles) character file.

Game seed: 8926656313990545248

11 qw the Shooter (level 2, -1/23 HPs)
             Began as a Minotaur Hexslinger on July 12, 2023.
             Slain by a quokka (3 damage)
             ... on level 1 of the Dungeon.
             The game lasted 00:00:06 (115 turns).

qw the Shooter (Minotaur Hexslinger)                 Turns: 115, Time: 00:00:06

Health: -1/23      AC:  2    Str: 12    XL:     2   Next: 13%
Magic:  2/2        EV: 12    Int: 10    God:
Gold:   7          SH:  0    Dex: 12    Spells: 2/3 levels left

rFire   . . .        a - +1 sling
rCold   . . .        (no shield)
rNeg    . . .        c - +0 robe
rPois   .            (helmet restricted)
rElec   .            (no cloak)
rCorr   .            (no gloves)
SInv    .            (no boots)
Will    .....        (no amulet)
Stlth   +            (no ring)
HPRegen 0.23/turn    (no ring)
MPRegen 0.08/turn

%: no passive effects
@: no status effects
A: horns 2, retaliatory headbutt
a: no special abilities


You were on level 1 of the Dungeon.
You visited 1 branch of the dungeon, and saw 1 of its levels.

You collected 7 gold pieces.


Innate Abilities, Weirdness & Mutations

You have a pair of horns on your head.
You reflexively headbutt those who attack you in melee.


   Skills:
 + Level 1.4 Fighting
 - Level 3.1 Ranged Weapons
 - Level 2.1 Dodging
 - Level 1.0 Spellcasting
 - Level 2.0 Hexes


You had 2 spell levels left.
You knew the following spells:

 Your Spells              Type           Power      Damage    Failure   Level
a - Slow                  Hex            16%        N/A       16%         1

Your spell library contained the following spells:

 Spells                   Type           Power      Damage    Failure   Level
 Inner Flame              Hex/Fire       2%         N/A       56%         3
 Portal Projectile        Hex/Tloc       4%         N/A       56%         3
 Cause Fear               Hex            2%         N/A       83%         4

Inventory:

Hand Weapons
 a - a +1 sling (weapon)
Armour
 c - a +0 robe (worn)
Jewellery
 d - a ring of willpower
Scrolls
 b - a scroll of poison
 e - a scroll of enchant weapon {unknown}
Potions
 f - a potion of invisibility {unknown}
 g - a potion of heal wounds {unknown}

Dungeon Overview and Level Annotations

Branches:
Dungeon (1/15)

Altars:


Message History

You shoot a sling bullet.
The sling bullet closely misses the bat.
The sling bullet hits the giant cockroach!
You kill the giant cockroach!
The bat closely misses you. You furiously retaliate!
You headbutt the bat!
You kill the bat!
A ball python comes into view.
The kobold hits you but does no damage. The quokka bites you.
Your Ranged Weapons skill increases to level 3!
You have reached level 2!
You shoot a sling bullet. The sling bullet hits the kobold.
The kobold is moderately wounded.
The quokka bites you. The kobold closely misses you.
You shoot a sling bullet.
The sling bullet closely misses the kobold.
The quokka barely misses you. The kobold closely misses you.
A hobgoblin comes into view.
The quokka closely misses you. You furiously retaliate!
You headbutt the quokka. You shoot a sling bullet.
The sling bullet closely misses the kobold.
The kobold hits you with a +1 short sword of flaming.
The kobold burns you.
The quokka bites you but does no damage.
You shoot a sling bullet. The sling bullet hits the kobold.
You kill the kobold!
The quokka bites you.
A quokka comes into view.
The hobgoblin closely misses you. The quokka closely misses you.
You furiously retaliate!
You headbutt the quokka!
You kill the quokka!
You shoot a sling bullet. The sling bullet hits the hobgoblin.
The hobgoblin is almost dead.
The ball python barely misses you. You furiously retaliate!
You headbutt the ball python, but do no damage.
The ball python grabs you. The ball python constricts you.
The hobgoblin hits you.
You shoot a sling bullet. The sling bullet hits the ball python.
You kill the ball python!
The quokka closely misses you. The hobgoblin hits you. The quokka bites you.
You die...

... #..# ... # #... ..#
. #..## ####..#.# ....
..$#..#.## ###.#..
..$#....^##
#.....g#r.?#......)#.
#@####.....#..
#%#...(..# ...# .
#.##..#.#.##..###.
#.#...##..........
#.##..###...##.#.# .
#[#............>..## ..
###................#...
......#...........#...
#.....#...............


You could see a quokka and a hobgoblin.

Vanquished Creatures
  2 ball pythons (D:1)
  An endoplasm (D:1)
  A giant cockroach (D:1)
  A goblin (D:1)
  2 quokkas (D:1)
  A bat (D:1)
  A frilled lizard (D:1)
  A kobold (D:1)
  A rat (D:1)
11 creatures vanquished.

Notes
Turn   | Place    | Note
-------+----------+-------------------------------------------
     0 | D:1      | qw the Minotaur Hexslinger began the quest for the Orb.
     0 | D:1      | Reached XP level 1. HP: 16/16 MP: 1/1
     0 | D:1      | 0 ||| qw: Version: 0.3-a-52-g30416fa
     0 | D:1      | 0 ||| qw: Game counter: 6541
     0 | D:1      | 0 ||| qw: Melee chars always use a shield: true
     0 | D:1      | 0 ||| qw: God list: Okawaru
     0 | D:1      | 0 ||| qw: Allow faded altars: false
     0 | D:1      | 0 ||| qw: Do Orc after clearing Dungeon:15 true
     0 | D:1      | 0 ||| qw: Do second Lair branch before Depths: true
     0 | D:1      | 0 ||| qw: Lair rune preference: random
     0 | D:1      | 0 ||| qw: Goals: Normal
     0 | D:1      | 0 ||| PLANNING D:1-11
   110 | D:1      | Reached skill level 3 in Ranged Weapons
   110 | D:1      | Reached XP level 2. HP: 19/23 MP: 2/2
   114 | D:1      | HP: 3/23 [hobgoblin (4)]
   115 | D:1      | Slain by a quokka

Levels and vault maps discovered:
D:1:      tarquinn_simple_flora_water_b, layout_rooms, minmay_vboxes

Skill      XL: |  1 |
---------------+----+-----
Ranged Weapons | 3 |  3.1
Fighting       | |  1.4
Dodging        | |  2.1
Spellcasting   | |  1.0
Hexes          | |  2.0

Action                     || total
---------------------------++-------
   Fire: Sling             ||    28
 Armour: Robe              ||     4
  Dodge: Dodged            ||    11

Table legend:
 A = Non-vault XP
 B = Vault XP
 C = Vault XP percentage of total XP
 D = Non-vault monster count
 E = Vault monster count
 F = Vault count percentage of total count
                 A         B        C        D         E       F
            +---------+---------+-------+---------+---------+-------
      Total |      10 |       7 |  41.2 |       6 |       5 |  45.5
            +---------+---------+-------+---------+---------+-------
        D:1 |      10 |       7 |  41.2 |       6 |       5 |  45.5
            +---------+---------+-------+---------+---------+-------
